 Dungeon Crawl Stone Soup version 0.26-a0-1107-g6118521029 (webtiles) character file.

Game seed: 4020101366955850422

43 Dracia the Distorting Demonspawn (level 3, -1/29 HPs)
             Began as a Demonspawn Abyssal Knight on Dec 16, 2020.
             Was a Believer of Lugonu.
             Succumbed to an adder's poison
             ... on level 2 of the Dungeon.
             The game lasted 00:01:46 (1181 turns).

Dracia the Distorting Demonspawn (DsAK)             Turns: 1181, Time: 00:01:47

Health: -1/29      AC:  3    Str: 13    XL:     3   Next: 37%
Magic:  5/5        EV: 11    Int: 13    God:    Lugonu [**....]
Gold:   69         SH:  0    Dex: 12    Spells: 2/2 levels left

rFire    . . .     SeeInvis .   a - +1 falchion
rCold    . . .     Faith    .   (no shield)
rNeg     . . .     Spirit   .   b - +0 leather armour
rPois    .         Reflect  .   (no helmet)
rElec    .         Harm     .   (no cloak)
rCorr    .         Rampage  .   (no gloves)
Will     .....                  (no boots)
Stlth    +.........             (no amulet)
HPRegen  0.09/turn              (no ring)
MPRegen  0.09/turn              (no ring)

@: lethally poisoned (-1 -> -17)
A: powered by death 1
a: Depart the Abyss, Bend Space, Renounce Religion


You were on level 2 of the Dungeon.
You worshipped Lugonu.
Lugonu was pleased with you.
You visited 1 branch of the dungeon, and saw 2 of its levels.
You visited the Abyss 1 time.

You collected 69 gold pieces.


Innate Abilities, Weirdness & Mutations

You regenerate a little health from kills.


   Skills:
 - Level 3.0 Fighting
 + Level 2.7 Long Blades
 - Level 1.7 Armour
 - Level 0.8 Dodging
 + Level 3.9 Invocations


You had 2 spell levels left.
You didn't know any spells.
Your spell library was empty.

Inventory:

Hand Weapons
 a - a +1 falchion (weapon)
Armour
 b - a +0 leather armour (worn)
Scrolls
 c - a scroll of identify {unknown}
 d - a scroll of random uselessness {unknown}

Dungeon Overview and Level Annotations

Branches:
Dungeon (2/15)

Altars:

#...†..#
#......######..
#..............
#......######..
#......######
##............
#....†..######
#...S...#
#....@..#
#.......#
#.......#
#.......#
###...### #..$#
#...# .....


You could see an adder.


Message History

The adder poisons you! The adder bites you.
* * * LOW HITPOINT WARNING * * *
You are lethally poisoned!
The adder poisons you!
* * * LOW HITPOINT WARNING * * *
You feel sick. The adder bites you.
* * * LOW HITPOINT WARNING * * *
* * * LOW HITPOINT WARNING * * *
You feel sick. The adder bites you but does no damage.
Unknown command.
You barely miss the adder.
The adder is severely wounded.
* * * LOW HITPOINT WARNING * * *
You feel sick. The adder bites you but does no damage. The adder bites you.
* * * LOW HITPOINT WARNING * * *
You are more poisoned.
The adder poisons you!
It was a potion of magic.
Magic courses through your body.
* * * LOW HITPOINT WARNING * * *
You feel sick. The adder barely misses you.
You riposte.
You barely miss the adder.
The adder is severely wounded.
Unknown command.
You hit the adder.
The adder is almost dead.
* * * LOW HITPOINT WARNING * * *
You feel sick.
The adder bites you but does no damage. x2
You barely miss the adder.
The adder is almost dead.
You die...

Skill      XL: |  1 |
---------------+----+-----
Long Blades    | 2 |  2.7
Invocations    | 3 |  3.9
Fighting       | |  3.0
Armour         | |  1.7
Dodging        | |  0.8

Action                   || total
-------------------------++-------
Melee: Falchion          ||    90
  Use: Potion            ||     3
Armor: Leather armour    ||    50
Dodge: Dodged            ||    70
       Rpst.: Falchion   ||    23

Levels and vault maps discovered:
D:1:      minmay_arrival_glassed_features, layout_loops_ring, minmay_cupped
D:2:      layout_basic, nicolae_ashenzari_panopticon, kennysheep_donut,
          elyvilon_altar_5

Notes
Turn   | Place    | Note
-------+----------+-------------------------------------------
     0 | Abyss:1  | Dracia the Demonspawn Abyssal Knight began the quest for
                  | the Orb.
     0 | Abyss:1  | Reached XP level 1. HP: 18/18 MP: 2/2
     3 | D:1      | You pass through the gate.
     3 | D:1      | Escaped the Abyss
   130 | D:1      | Reached skill level 2 in Long Blades
   211 | D:1      | Reached skill level 3 in Invocations
   211 | D:1      | Gained mutation: You regenerate a little health from kills.
                  | [demonic ancestry]
   211 | D:1      | Reached XP level 2. HP: 24/24 MP: 2/4
   427 | D:1      | Reached ** piety under Lugonu
   466 | D:1      | Reached XP level 3. HP: 4/29 MP: 5/5
   484 | D:1      | HP: 2/29 [hobgoblin (2)]
  1179 | D:2      | HP: 2/29 [poisoned by an adder]
  1181 | D:2      | Succumbed to an adder's poison

Vanquished Creatures
  A gnoll (D:1)
  2 giant cockroaches (D:1)
  2 goblins
  5 hobgoblins (D:1)
  4 kobolds (D:1)
  A ball python (D:1)
  8 bats
  4 frilled lizards (D:1)
  4 rats (D:1)
31 creatures vanquished.

Table legend: (Time is in decaauts)
 A = Elapsed time spent in this place.
 B = Non-inter-level travel time spent in this place.
 C = Inter-level travel time spent in this place.
 D = Time resting spent in this place.
 E = Time spent auto-exploring this place.
 F = Levels seen in this place.
 G = Mean time per level.
                   A        B        C        D        E       F      G
               +--------+--------+--------+--------+--------+-----+--------+
         Total |   1196 |   1176 |     20 |    321 |    627 |   3 |  398.7 |
       Dungeon |   1193 |   1173 |     20 |    321 |    627 |   2 |  596.5 |
         Abyss |      3 |      3 |      0 |      0 |      0 |   1 |    3.0 |
               +--------+--------+--------+--------+--------+-----+--------+

Top non-repeatable levels by time:
     D:1: 1161 daAuts
     D:2: 32 daAuts
 Abyss:1: 3 daAuts

Table legend:
 A = Non-vault XP
 B = Vault XP
 C = Vault XP percentage of total XP
 D = Non-vault monster count
 E = Vault monster count
 F = Vault count percentage of total count
                 A         B        C        D         E       F
            +---------+---------+-------+---------+---------+-------
      Total |      55 |       7 |  11.3 |      26 |       5 |  16.1
            +---------+---------+-------+---------+---------+-------
        D:1 |      51 |       7 |  12.1 |      24 |       5 |  17.2
        D:2 |       4 |       0 |   0.0 |       2 |       0 |   0.0
            +---------+---------+-------+---------+---------+-------
